 Dungeon Crawl Stone Soup version 0.28-a0-245-g639a1a48b9 (webtiles) character file.

Game seed: 17831082406806157292

273 Spaninq the Insei (level 5, -3/42 HPs)
             Began as a Demigod Transmuter on Aug 24, 2021.
             Slain by an ogre (6 damage)
             ... on level 4 of the Dungeon.
             The game lasted 00:07:06 (4172 turns).

Spaninq the Insei (Demigod Transmuter)              Turns: 4172, Time: 00:07:06

Health: -3/42      AC:  3    Str:  9 (11) XL:     5   Next: 71%
Magic:  7/10       EV: 12    Int: 18 (19) God:
Gold:   78         SH:  0    Dex: 12 (14) Spells: 4/7 levels left

rFire   . . .      SeeInvis .     - Unarmed
rCold   . . .      Faith    .   (no shield)
rNeg    . . .      Spirit   .   a - +0 robe
rPois   .          Reflect  .   (helmet currently unavailable)
rElec   .          Harm     .   d - +0 cloak
rCorr   .          Rampage  .   (no gloves)
Will    .....                   (boots currently unavailable)
Stlth   +.........              (no amulet)
HPRegen 0.14/turn               (no ring)
MPRegen 0.12/turn               (no ring)

@: appendages (expiring), wereblooded
A: horns 2, talons 2, high mp 1, forlorn
a: End Transformation


You were on level 4 of the Dungeon.
You had temporarily grown beastly horns and talons.
You visited 1 branch of the dungeon, and saw 4 of its levels.

You collected 78 gold pieces.

Inventory:

Armour
 a - a +0 robe (worn)
 d - a +0 cloak (worn)
 h - a +1 pair of boots (melded)
Scrolls
 b - 3 scrolls of teleportation {unknown}
 c - a scroll of fog {unknown}
 f - 2 scrolls of immolation {unknown}
 g - 2 scrolls of identify {unknown}
 k - a scroll of fear {unknown}
Potions
 e - 2 potions of haste
 i - a potion of lignification


   Skills:
 + Level 2.7 Fighting
 + Level 3.1 Dodging
 * Level 4.8 Unarmed Combat
 - Level 1.7 Spellcasting
 - Level 1.7 Transmutations


You had 4 spell levels left.
You knew the following spells:

 Your Spells              Type           Power      Damage    Failure   Level
a - Beastly Appendage     Tmut           14%        N/A       9%          1
b - Wereblood             Tmut           7%         N/A       14%         2

Your spell library contained the following spells:

 Spells                   Type           Power      Damage    Failure   Level
 Ensorcelled Hibernation  Hex/Ice        2%         N/A       28%         2
 Spider Form              Tmut/Pois      2%         N/A       36%         3
 Ice Form                 Ice/Tmut       4%         N/A       78%         4
 Shadow Creatures         Summ           N/A        N/A       100%        6


Dungeon Overview and Level Annotations

Branches:
Dungeon (4/15)
 Temple: D:4-7


Innate Abilities, Weirdness & Mutations

You have temporarily grown beastly horns and talons.
Your attributes grow dramatically as you level up.
You have an increased reservoir of magic. (+10% MP)
You shall have no god before yourself.


Message History

You closely miss the shadow imp.
The shadow imp is heavily wounded.
The shadow imp closely misses you.
You closely miss the shadow imp.
The shadow imp is heavily wounded.
The shadow imp hits you.
Your magical contamination has completely faded away.
You hit the shadow imp but do no damage.
The shadow imp is heavily wounded.
Your transformation is almost over.
The shadow imp closely misses you.
You hit the shadow imp.
The shadow imp is almost dead.
The shadow imp hits you.
You hit the shadow imp.
You feel a bit better.
You kill the shadow imp!
You hit the ogre. Your headbutt misses the ogre.
The ogre is lightly wounded.
You howl as the wereblood boils in your veins!
The ogre hits you with a +0 giant club!!
You hit the ogre.
The ogre is moderately wounded.
You hit the ogre.
The ogre is moderately wounded.
The ogre barely misses you.
You hit the ogre. You headbutt the ogre.
The ogre is heavily wounded.
You howl as the wereblood boils in your veins!
The ogre barely misses you.
You barely miss the ogre.
The ogre is heavily wounded.
You howl as the wereblood boils in your veins!
You hit the ogre.
The ogre is severely wounded.
The ogre hits you with a +0 giant club!
* * * LOW HITPOINT WARNING * * *
You hit the ogre.
The ogre is almost dead.
The ogre hits you with a +0 giant club.
You die...

#....##.......#
#.#...........#
#######.####..........
##...##...###..>.......
##..........###.....#.##
#............###...##.#
#............# ####
#............##########
##............O@.......
##...#.......######### ..
#####.###...### ## ... #.#
#.....## .###...
#####.###...#..####..#..S?
##.....#...................
##.............#5###........
#..............[O##....$....
#..................<.5......


You could see an ogre.

Vanquished Creatures
  A water moccasin (D:4)
  A bullfrog zombie (D:3)
  Jessica (D:3)
  Terence (D:3)
  An adder (D:2)
  A shadow imp (D:4)
  A worm (D:2)
  A dart slug (D:3)
  7 ball pythons
  8 bats
  7 endoplasms
  5 goblins
  8 hobgoblins
  6 quokkas
  4 frilled lizards (D:1)
  7 kobolds
  8 rats
68 creatures vanquished.

Notes
Turn   | Place    | Note
-------+----------+-------------------------------------------
     0 | D:1      | Spaninq the Demigod Transmuter began the quest for the Orb.
     0 | D:1      | Reached XP level 1. HP: 15/15 MP: 5/5
   253 | D:1      | Reached skill level 1 in Fighting
   278 | D:1      | Reached skill level 3 in Unarmed Combat
   518 | D:1      | Reached XP level 2. HP: 23/23 MP: 5/7
   544 | D:1      | Learned a level 2 spell: Wereblood
  1401 | D:1      | Reached XP level 3. HP: 20/28 MP: 5/8
  2392 | D:3      | Noticed Jessica
  2401 | D:3      | Killed Jessica
  2402 | D:3      | Reached XP level 4. HP: 36/36 MP: 7/9
  2694 | D:3      | Noticed Terence
  2956 | D:3      | Killed Terence
  2957 | D:3      | Reached skill level 4 in Unarmed Combat
  3770 | D:4      | Noticed a water moccasin
  3786 | D:4      | Killed a water moccasin
  3787 | D:4      | Reached XP level 5. HP: 9/42 MP: 7/10
  3794 | D:4      | HP: 3/63 [poisoned by a water moccasin]
  4140 | D:4      | Noticed an ogre
  4172 | D:4      | Slain by an ogre

Illustrated notes

Levels and vault maps discovered:
D:1:      evilmike_arrival_crescent, layout_basic,
          hellmonk_ecumenical_altar_pennies_from_heaven, minmay_tromino_v4_b
D:2:      layout_rooms, minivault_26, item_on_display_a
D:3:      layout_basic, amcnicky_mini_corridor_feature,
          kennysheep_generic_room_14, uniq_jessica, uniq_terence
D:4:      layout_rooms, hangedman_glass_teeth, minmay_diced_spiral,
          uniq_eustachio

Skill      XL: |  1  2  3  4 |
---------------+-------------+-----
Fighting       | 1 2 |  2.7
Dodging        | 2 3 |  3.1
Unarmed Combat | 3 4 |  4.8
Spellcasting   | |  1.7
Transmutations | |  1.7

Action                   |  1- 3 |  4- 6 || total
-------------------------+-------+-------++-------
Melee: Unarmed           |   118 |    87 ||   205
       Punch             |     2 |       ||     2
       Kick              |    20 |    16 ||    36
       Headbutt          |    10 |    14 ||    24
 Cast: Beastly Appendage |    27 |    18 ||    45
       Wereblood         |     1 |     4 ||     5
  Use: Potion            |       |     4 ||     4
 Stab: Sleeping          |     2 |     1 ||     3
Armor: Robe              |    32 |    12 ||    44
       Skin              |       |     2 ||     2
Dodge: Dodged            |    59 |    53 ||   112

Table legend: (Time is in decaauts)
 A = Elapsed time spent in this place.
 B = Non-inter-level travel time spent in this place.
 C = Inter-level travel time spent in this place.
 D = Time resting spent in this place.
 E = Time spent auto-exploring this place.
 F = Levels seen in this place.
 G = Mean time per level.
                   A        B        C        D        E       F      G
               +--------+--------+--------+--------+--------+-----+--------+
         Total |   4142 |   4113 |     29 |    659 |   2807 |   4 | 1035.5 |
       Dungeon |   4142 |   4113 |     29 |    659 |   2807 |   4 | 1035.5 |
               +--------+--------+--------+--------+--------+-----+--------+

Top non-repeatable levels by time:
     D:1: 1603 daAuts
     D:3: 1166 daAuts
     D:2: 961 daAuts
     D:4: 410 daAuts
